 Dungeon Crawl Stone Soup version 0.27.1-35-g4d5d836560 (webtiles) character file.

Game seed: 11549556065657843631

458 Delamore the Sneak (level 7, 0/45 HPs)
             Began as an Octopode Brigand on Apr 18, 2022.
             Slain by an ogre (21 damage)
             ... on level 5 of the Dungeon.
             The game lasted 00:03:20 (4133 turns).

Delamore the Sneak (Octopode Brigand)               Turns: 4133, Time: 00:03:20

Health: 0/45       AC:  2    Str: 10    XL:     7   Next: 6%
Magic:  7/7        EV: 12    Int: 14    God:
Gold:   163        SH:  0    Dex: 15    Spells: 6/6 levels left

rFire    . . .     SeeInvis .   r - +1 dagger (speed)
rCold    . . .     Faith    .   (no shield)
rNeg     . . .     Spirit   .   d - +1 hat {Stlth+}
rPois    .         Reflect  .   y - amulet of regeneration
rElec    .         Harm     .   (no ring)
rCorr    .         Rampage  .   (no ring)
Will     .....                  (no ring)
Stlth    ++++++....             (no ring)
HPRegen  1.15/turn              (no ring)
MPRegen  0.10/turn              (no ring)
                                (no ring)
                                (no ring)

@: no status effects
A: almost no armour, amphibious, 8 rings, camouflage 1, gelatinous body 1,
(nimble swimmer 1), tentacles
a: no special abilities


You were on level 5 of the Dungeon.
You visited 1 branch of the dungeon, and saw 5 of its levels.

You collected 163 gold pieces.

Inventory:

Hand Weapons
 a - a +2 dagger
 r - a +1 dagger of speed (weapon)
Missiles
 b - 24 poisoned darts (quivered)
 c - 2 curare-tipped darts
 o - 7 boomerangs
 v - 4 javelins
Armour
 d - a +1 hat of stealth (worn)
Jewellery
 i - an amulet of reflection
 w - an amulet of guardian spirit
 y - an amulet of regeneration (around mantle)
Scrolls
 f - a scroll of blinking
 g - a scroll of fear {unknown}
 j - a scroll of teleportation {unknown}
 k - a scroll of holy word {unknown}
 s - a scroll of vulnerability
 t - a scroll of fog
 u - a scroll of magic mapping {unknown}
 x - a scroll of immolation {unknown}
Potions
 e - a potion of cancellation {unknown}
 h - a potion of magic {unknown}
 l - 3 potions of attraction {unknown}
 m - 2 potions of curing {unknown}
 n - 2 potions of degeneration {unknown}
 p - a potion of might {unknown}
 q - a potion of flight {unknown}


   Skills:
 - Level 2.0 Fighting
 * Level 6.1 Short Blades
 - Level 2.0 Throwing
 - Level 1.0 Dodging
 + Level 7.9 Stealth


You had 6 spell levels left.
You didn't know any spells.
Your spell library contained the following spells:

 Spells                   Type           Power      Damage    Failure   Level
 Passwall                 Tmut/Erth      0%         N/A       41%         2
 Swiftness                Air            0%         N/A       65%         3
 Freezing Cloud           Conj/Ice/Air   0%         6-21      100%        5
 Invisibility             Hex            0%         N/A       100%        6
 Simulacrum               Ice/Necr       0%         N/A       100%        6
 Polar Vortex             Ice            0%         N/A       100%        9


Dungeon Overview and Level Annotations

Branches:
Dungeon (5/15)
 Temple: D:4-7

Altars:
Ashenzari
Qazlal
Ru
Trog

Shops:
D:1 [


Innate Abilities, Weirdness & Mutations

You cannot wear most types of armour.
You are amphibious.
You can wear up to eight rings at the same time.
Your skin changes colour to match your surroundings (Stealth+).
Your rubbery body absorbs attacks. (AC +1, EV +1)
((You are camouflaged near water. (Stealth+)))
You have tentacles for arms and can constrict up to eight enemies at once.


Message History

You hit the bullfrog.
The bullfrog is almost dead.
You constrict the bullfrog, but do no damage.
You hit the bullfrog.
You kill the bullfrog!
Your Short Blades skill increases to level 6!
You have reached level 7!
You start resting.
An ogre is nearby!
You throw a poisoned dart. The poisoned dart hits the ogre.
The ogre is poisoned.
The ogre shouts!
You throw a poisoned dart. The poisoned dart hits the ogre.
The ogre looks even sicker.
The ogre is lightly wounded.
You throw a poisoned dart. The poisoned dart hits the ogre.
The ogre looks even sicker.
The ogre is lightly wounded.
Found a leather armour.
Things that are here:
a poisoned dart; a bullfrog corpse The ogre hits you with a +0 giant club!!
Ouch! That really hurt!
You are too injured to fight recklessly!
You are too injured to fight recklessly!
You are too injured to fight recklessly!
You hit the ogre.
The ogre is heavily wounded.
A bullfrog skeleton comes into view.
You hit the ogre but do no damage.
The ogre is heavily wounded.
The ogre closely misses you.
You hit the ogre.
The ogre is heavily wounded.
You hit the ogre but do no damage. You squeeze the ogre.
The ogre is severely wounded.
You hit the ogre.
The ogre is severely wounded.
The ogre hits you with a +0 giant club!!
You die...

...............
.......[.......
.(..(...Z.......
....(..(..........
.......(..........
......(...........
.........O.........
..........@........
..........(........
...........<.......
..................$
...................
...................
...................
...................
...................


You could see an ogre (very poisoned) and a bullfrog skeleton.

Vanquished Creatures
  A hornet zombie (D:5)
  A bullfrog (D:5)
  A scorpion (D:4)
  A bullfrog skeleton (D:4)
  Terence (D:3)
  A hound skeleton (D:4)
  Robin (D:3)
  A howler monkey skeleton (D:5)
  7 adders
  An adder skeleton (D:4)
  3 worms
  A dart slug (D:2)
  5 endoplasms
  5 giant cockroaches
  9 hobgoblins
  3 jackals (D:3)
  9 kobolds
  5 quokkas
  4 ball pythons
  3 bats
  4 frilled lizards
  11 goblins
  5 rats
83 creatures vanquished.

Notes
Turn   | Place    | Note
-------+----------+-------------------------------------------
     0 | D:1      | Delamore the Octopode Brigand began the quest for the Orb.
     0 | D:1      | Reached XP level 1. HP: 14/14 MP: 1/1
   301 | D:1      | Reached XP level 2. HP: 19/19 MP: 2/2
   702 | D:1      | Found Xavoal's Armour Shoppe.
  1071 | D:2      | Reached XP level 3. HP: 12/24 MP: 3/3
  1247 | D:2      | Reached skill level 6 in Stealth
  1409 | D:2      | Reached XP level 4. HP: 29/29 MP: 4/4
  1567 | D:2      | Found a faded altar of an unknown god.
  2357 | D:3      | Noticed Robin
  2369 | D:3      | Killed Robin
  2711 | D:3      | Reached XP level 5. HP: 34/34 MP: 5/5
  2802 | D:3      | Noticed Terence
  2807 | D:3      | Killed Terence
  3375 | D:4      | Reached skill level 5 in Short Blades
  3375 | D:4      | Reached skill level 7 in Stealth
  3375 | D:4      | Reached XP level 6. HP: 16/39 MP: 2/6
  3757 | D:4      | Found a bloodstained altar of Trog.
  3760 | D:4      | Found a sacrificial altar of Ru.
  3763 | D:4      | Found a stormy altar of Qazlal.
  3766 | D:4      | Found a broken altar of Ashenzari.
  3873 | D:4      | Identified a scroll of acquirement
  3874 | D:4      | Acquired a +1 hat of stealth
  4079 | D:5      | Entered Level 5 of the Dungeon
  4123 | D:5      | Reached XP level 7. HP: 41/45 MP: 7/7
  4133 | D:5      | Slain by an ogre

Illustrated notes

Levels and vault maps discovered:
D:1:      dpeg_arrival_central, layout_basic, serial_shops, shop_statue
D:2:      layout_basic, dilly_ecumenical_altar_fadedgnrine
D:3:      layout_loops_corners, minmay_misc_feat_pillars, uniq_terence,
          uniq_robin
D:4:      layout_cave_pools, grunt_temple_overflow_cloverleaf,
          minmay_box_of_dots
D:5:      kennysheep_six_static_rooms, layout_basic,
          mainiacjoe_overflow_cross_hatched, uniq_sigmund

Skill      XL: |  1  2  3  4  5  6 |
---------------+-------------------+-----
Short Blades   | 3 4 5 6 |  6.1
Stealth        | 6 7 |  7.9
Fighting       | |  2.0
Throwing       | |  2.0
Dodging        | |  1.0

Action                   |  1- 3 |  4- 6 |  7- 9 || total
-------------------------+-------+-------+-------++-------
Melee: Dagger            |    49 |   123 |     5 ||   177
       Constrict         |     8 |    19 |       ||    27
       Tentacles         |     3 |    21 |     1 ||    25
Throw: Dart              |       |     4 |     3 ||     7
  Use: Scroll            |       |     5 |       ||     5
 Stab: Sleeping          |    15 |    22 |       ||    37
Armor: Skin              |       |     6 |       ||     6
Dodge: Dodged            |    16 |    35 |     1 ||    52
